 Dungeon Crawl Stone Soup version 0.22-a0-469-gf26638a (webtiles) character file.

8435 Mgcat the Severer (level 11, -5/88 HPs)
             Began as a Minotaur Berserker on June 11, 2018.
             Was a High Priest of Trog.
             Slain by an ogre
             ... wielding a +0 giant spiked club
              (25 damage)
             ... on level 9 of the Dungeon.
             The game lasted 00:17:48 (8566 turns).

Mgcat the Severer (Minotaur Berserker)              Turns: 8566, Time: 00:17:49

Health: -5/88      AC: 14    Str: 30    XL:     11   Next: 9%
Magic:  10/10      EV: 10    Int:  5    God:    Trog [*****.]
Gold:   412        SH:  0    Dex: 15    Spells: 10/10 levels left

rFire    . . .     SeeInvis +   k - +1 war axe
rCold    . . .     Gourm    .   (no shield)
rNeg     . . .     Faith    .   s - +0 plate armour
rPois    .         Spirit   .   (helmet restricted)
rElec    .         Reflect  .   (no cloak)
rCorr    .         Harm     .   v - +1 pair of gloves
MR       ++...                  (no boots)
Stlth    ..........             (no amulet)
HPRegen  1.24/turn              b - +6 ring of dexterity
MPRegen  0.12/turn              p - ring of see invisible {sInv, !d}

@: mighty, lethally poisoned (-5 -> -5), berserk cooldown, very slightly
contaminated, regenerating, slowed, studying Armour, invisible, very slow
A: retaliatory headbutt, horns 2
a: Berserk, Trog's Hand, Brothers in Arms, Renounce Religion


You were on level 9 of the Dungeon.
You worshipped Trog.
Trog was extremely pleased with you.
You were very hungry.

You visited 1 branch of the dungeon, and saw 9 of its levels.
You also visited: Ossuary and Bailey.

You collected 494 gold pieces.
You spent 82 gold pieces at shops.

Inventory:

Hand Weapons
 k - a +1 war axe (weapon)
   (You took it off an orc on level 5 of the Dungeon)
 q - a +7 executioner's axe of freezing
   (You took it off an orc warrior in a bailey)
Armour
 s - a +0 plate armour (worn)
   (You found it on level 7 of the Dungeon)
 v - a +1 pair of gloves (worn)
   (You found it on level 4 of the Dungeon)
Jewellery
 b - a +6 ring of dexterity (left hand)
   (You found it in an ossuary)
 p - a ring of see invisible (right hand) {sInv, !d}
   (You found it on level 4 of the Dungeon)
Wands
 a - a wand of digging (24)
   (You found it on level 6 of the Dungeon)
 r - a wand of flame (21)
   (You found it on level 7 of the Dungeon)
Scrolls
 d - 7 scrolls of teleportation
 i - 2 scrolls of magic mapping {!r}
 o - 2 scrolls of identify
 w - 2 scrolls of remove curse
 y - 2 scrolls of immolation {!r}
 B - a scroll of blinking {unknown}
Potions
 e - a potion of magic
 g - a potion of berserk rage {!q}
 h - 4 potions of curing
 j - 3 potions of haste {unknown}
 l - a potion of agility
 n - 2 potions of might
 t - 4 potions of mutation {!q}
 u - a potion of ambrosia
 x - 2 potions of brilliance {unknown}
Books
 z - a manual of Armour {!d}
   (You found it in a bailey)
Comestibles
 c - 12 rations
 A - 10 chunks of flesh {@w0}


   Skills:
 - Level 5.2 Fighting
 + Level 17.8 Axes
 - Level 5.1 Armour
 - Level 5.1 Dodging


You had 10 spell levels left.
You didn't know any spells.
Your spell library was empty.

Dungeon Overview and Level Annotations

Branches:
Dungeon (9/15)             Temple (0/1) D:5
   Lair: D:8-11         Orc: D:9-12

Altars:
Ashenzari
Cheibriados
Vehumet
Wu Jian
Xom
Yredelemnul

Shops:
D:7 ?

Annotations:
D:2 1 runed door
D:5 1 runed door


Innate Abilities, Weirdness & Mutations

You reflexively headbutt those who attack you in melee.
You have a pair of horns on your head.


Message History

You slash the bullfrog!
An orc warrior comes into view.
It is wielding a dire flail of protection.
The bullfrog hits you but does no damage.
You hit the troll but do no damage.
The troll is almost dead.
You slice the bullfrog!!
You kill the bullfrog!
Trog accepts your kill.
You feel sick.
A centaur comes into view.
The troll barely misses you. You furiously retaliate!
You headbutt the troll!!
You kill the troll!
Trog accepts your kill.
You have reached level 11!
The centaur wields a shortbow.
The centaur shoots an arrow.
The arrow hits you.
The orc warrior throws a stone.
The stone closely misses you.
A quokka comes into view.
You hear a shout!
You see here an arrow.
You slice the two-headed ogre!! You headbutt the two-headed ogre.
The two-headed ogre is severely wounded.
You feel sick.
The centaur shoots an arrow.
The arrow hits you but does no damage.
The orc warrior throws a stone.
The stone hits you. The two-headed ogre barely misses you.
The two-headed ogre hits you with a giant spiked club.
You slice the two-headed ogre!!
You kill the two-headed ogre!
Trog accepts your kill.
Trog will gift you weapons as you gain piety.
You closely miss the quokka.
You are no longer berserk.
You are exhausted.
You feel as though you will be slow longer.
You hear a shout!
The centaur shoots an arrow.
The arrow hits you but does no damage. The quokka barely misses you.
You furiously retaliate!
You headbutt the quokka!
You kill the quokka!
Trog accepts your kill.
You fail to use your ability.
You feel sick.
The centaur shoots an arrow.
The arrow hits you.
An ogre comes into view. It is wielding a giant spiked club.
The centaur shoots an arrow.
The arrow hits you but does no damage.
Your skin crawls.
You feel resistant to hostile enchantments.
You are feeling very hungry.
The centaur shoots an arrow.
The arrow hits you but does no damage.
The orc warrior throws a stone.
The stone hits you but does no damage.
The centaur shoots an arrow.
The arrow hits you but does no damage.
You fail to use your ability.
You feel sick.
The centaur shoots an arrow.
The arrow hits you but does no damage. The ogre barely misses you.
The orc warrior hits you with a dire flail of protection!
* * * LOW HITPOINT WARNING * * *
The centaur shoots an arrow.
The arrow hits you.
* * * LOW HITPOINT WARNING * * *
You feel much better.
The centaur shoots an arrow.
The arrow hits you.
The ogre hits you with a giant spiked club.
The orc warrior hits you with a dire flail of protection.
An ice beast comes into view.
The orc warrior hits you but does no damage.
The ogre hits you with a giant spiked club!!
* * * LOW HITPOINT WARNING * * *
You feel much better.
You feel sick.
The centaur unwields an uncursed shortbow.
The centaur closely misses you. You furiously retaliate!
You headbutt the centaur.
The orc warrior hits you but does no damage.
The ogre closely misses you. You furiously retaliate!
You headbutt the ogre.
You fade into invisibility!
The centaur closely misses you. You furiously retaliate!
You headbutt the centaur!
An iguana comes into view.
The centaur hits you! The orc warrior closely misses you.
The ogre barely misses you. The centaur barely misses you.
You furiously retaliate!
You headbutt the centaur, but do no damage.
You are very lightly contaminated with residual magic.
You feel very mighty all of a sudden.
The iguana hisses angrily.
The ice beast hits you. The ice beast freezes you!
* * * LOW HITPOINT WARNING * * *
The orc warrior barely misses you. You furiously retaliate!
You headbutt the orc warrior. The centaur barely misses you.
The ice beast hits you but does no damage.
The ogre barely misses you. You furiously retaliate!
You headbutt the ogre! The orc warrior barely misses you.
You furiously retaliate!
You headbutt the orc warrior.
The centaur hits you but does no damage.
You catch the helpless ogre completely off-guard!
You slash the ogre!
The ogre is severely wounded.
You barely miss the orc warrior. You closely miss the ice beast.
You catch the helpless centaur completely off-guard!
You slash the centaur!
You kill the centaur!
Trog accepts your kill.
You feel sick.
The iguana hisses angrily.
The ice beast barely misses you. The orc warrior misses you.
The ogre hits you with a giant spiked club!!
You die...

+≈....# #..#.## #...#.#
#####...#.#
##≈..#.###........#)
######≈.#.#.....###.....#
............##### #..#.#.
#.(....### #..#.#.
##.....# #..#...
#...#'Y†######## #..##..
#.. #.l@##.....# #......
## #..#Oo###...###..##.#
#...###...##...#.......
#..#. .#..##.....>#...
#..### ###..##.#.......
.#. .#.###....... # # !
#......† #.......
##...>).


You could see an orc warrior, an ice beast, an ogre and an iguana.

Vanquished Creatures
  3 two-headed ogres (D:9)
  Pikel (D:7)
  An orc knight (Bailey)
  2 trolls
  A hornet (D:9)
  3 yaks (D:9)
  12 orc warriors
  2 ice beasts
  A necrophage (D:5)
  2 phantoms
  An ogre (D:4)
  5 wolves (D:8)
  A centaur (D:9)
  A big kobold (D:8)
  2 bullfrogs
  2 elf zombies (Ossuary)
  A wyvern skeleton (D:8)
  A scorpion (D:9)
  12 killer bees
  3 howler monkeys
  2 crimson imps
  A quasit (D:8)
  4 jellies
  5 orc priests
  6 hounds
  2 human zombies
  5 orc wizards
  A bullfrog skeleton (D:3)
  3 iguanas
  4 worker ants
  2 big kobold zombies (Ossuary)
  2 mummies (Ossuary)
  A worker ant zombie (D:9)
  6 gnolls (D:2)
  8 adders
  2 shadow imps
  2 oozes
  3 adder zombies
  5 worms
  A dart slug (D:3)
  4 leopard geckos
  46 orcs
  3 giant cockroaches
  5 goblins
  11 hobgoblins
  5 jackals
  17 kobolds
  4 quokkas
  3 ball pythons
  13 bats
  3 frilled lizards
  2 goblin zombies
  7 hobgoblin zombies (Ossuary)
  2 jackal zombies (Ossuary)
  13 kobold zombies (Ossuary)
  8 orc zombies (Ossuary)
  2 quokka skeletons (D:4)
  8 rats
278 creatures vanquished.

Vanquished Creatures (collateral kills)
  2 orc warriors (Bailey)
2 creatures vanquished.

Vanquished Creatures (others)
  2 slaves (D:7)
  A bullfrog (D:7)
3 creatures vanquished.

Grand Total: 283 creatures vanquished

Notes
Turn   | Place    | Note
-------+----------+-------------------------------------------
     0 | D:1      | Mgcat the Minotaur Berserker began the quest for the Orb.
     0 | D:1      | Reached XP level 1. HP: 19/19 MP: 0/0
    39 | D:1      | Reached skill level 4 in Axes
    87 | D:1      | Reached XP level 2. HP: 22/26 MP: 1/1
   527 | D:1      | Reached ** piety under Trog
   527 | D:1      | Reached skill level 5 in Axes
   663 | D:2      | Reached XP level 3. HP: 24/31 MP: 2/2
   746 | D:2      | HP: 11/46 [gnoll/spear (8)]
   749 | D:2      | Reached skill level 6 in Axes
   749 | D:2      | Reached XP level 4. HP: 14/39 MP: 3/3
  1011 | D:2      | Found a runed door.
  1243 | D:2      | Reached XP level 5. HP: 45/45 MP: 4/4
  1449 | D:3      | Reached skill level 7 in Axes
  1462 | D:3      | Reached *** piety under Trog
  2190 | D:3      | Found a faded altar of an unknown god.
  2489 | D:4      | Found a sand-covered staircase.
  2500 | D:4      | Reached skill level 8 in Axes
  2504 | D:4      | HP: 3/45 [iguana (11)]
  2507 | D:4      | Reached XP level 6. HP: 5/51 MP: 5/5
  2617 | Ossuary  | Entered an ossuary
  2885 | Ossuary  | Reached **** piety under Trog
  2901 | Ossuary  | Reached skill level 9 in Axes
  2921 | Ossuary  | Reached XP level 7. HP: 38/57 MP: 6/6
  3116 | D:4      | Reached skill level 10 in Axes
  3542 | D:5      | Entered Level 5 of the Dungeon
  3783 | D:5      | Found a runed door.
  3783 | D:5      | Noticed a human
  3788 | D:5      | Found a basalt altar of Yredelemnul.
  3897 | D:5      | Reached skill level 11 in Axes
  3960 | D:5      | Found a radiant altar of Vehumet.
  4091 | D:5      | Reached ***** piety under Trog
  4129 | D:5      | Found a staircase to the Ecumenical Temple.
  4291 | D:6      | Reached XP level 8. HP: 59/64 MP: 7/7
  4661 | D:6      | Reached skill level 12 in Axes
  4872 | D:7      | Found Reostrama's Magic Scroll Shop.
  4878 | D:7      | Received a gift from Trog
  4911 | D:7      | Bought a scroll of enchant weapon for 82 gold pieces
  4956 | D:7      | Noticed Pikel
  4964 | D:7      | Killed Pikel
  4964 | D:7      | Reached skill level 13 in Axes
  5012 | D:7      | Reached XP level 9. HP: 70/70 MP: 8/8
  5048 | D:7      | Reached skill level 14 in Axes
  5128 | D:7      | Reached skill level 4 in Fighting
  5140 | D:7      | Reached skill level 5 in Fighting
  5360 | D:7      | Reached skill level 3 in Armour
  5403 | D:7      | Found a faded altar of an unknown god.
  5403 | D:7      | Found a faded altar of an unknown god.
  5409 | D:7      | Found a snail-covered altar of Cheibriados.
  5412 | D:7      | Found a shattered altar of Ashenzari.
  5415 | D:7      | Found a shimmering altar of Xom.
  5778 | D:8      | Noticed a troll
  5791 | D:8      | Killed a troll
  5791 | D:8      | Reached skill level 5 in Armour
  5804 | D:8      | Reached skill level 3 in Dodging
  5822 | D:8      | Reached skill level 4 in Dodging
  5867 | D:8      | Reached skill level 5 in Dodging
  5998 | D:8      | Found an ornate altar of the Wu Jian Council.
  6003 | D:8      | Found a flagged portal.
  6010 | Bailey   | Entered a bailey
  6683 | Bailey   | HP: 14/74 [orc warrior/bolt (27)]
  6685 | Bailey   | HP: 2/74 [orc warrior/bolt (12)]
  7195 | Bailey   | Reached XP level 10. HP: 66/81 MP: 9/9
  7420 | Bailey   | Noticed an orc knight
  7429 | Bailey   | Killed an orc knight
  7429 | Bailey   | Reached skill level 15 in Axes
  7438 | Bailey   | HP: 14/81 [orc warrior/spear (10)]
  8185 | D:9      | Reached skill level 16 in Axes
  8237 | D:9      | Noticed a two-headed ogre
  8246 | D:9      | Killed a two-headed ogre
  8542 | D:9      | Noticed a two-headed ogre
  8546 | D:9      | Reached skill level 17 in Axes
  8551 | D:9      | Killed a two-headed ogre
  8553 | D:9      | Noticed a two-headed ogre
  8555 | D:9      | Reached XP level 11. HP: 63/88 MP: 10/10
  8558 | D:9      | Killed a two-headed ogre
  8561 | D:9      | HP: 17/88 [orc warrior/dire flail of protection (16)]
  8566 | D:9      | HP: 20/88 [poisoned by a hornet]
  8566 | D:9      | Slain by an ogre

Vault maps used:
D:1:      lightli_arrival_statuegarden
D:2:      uniq_crazy_yiuf_cottage
D:3:      chequers_ecumenical_altar_twisty, minmay_liquid_box,
          serial_bayou_pond_a, grunt_ministairs_1, minmay_misc_feat_square
D:4:      enter_ossuary_5
D:5:      lemuel_doored_altar, minmay_temple_entry_trees, first_ration,
          hangedman_abyss_or_decor_passed, dk_yredelemnul_ordeal
D:7:      chequers_temple_overflow_minitemple, serial_shops,
          nicolae_shop_window_shopping, uniq_pikel
D:8:      kennysheep_mini_moat, erik_lair_island, basic_altar, enter_bailey_2
D:9:      okawaru_humans, zin_treasury, hangedman_little_slice_of_home,
          kennysheep_kite_vault
Ossuary:  ossuary_tomb_1
Bailey:   bailey_polearm_2, bailey

Skill      XL: |  1  2  3  4  5  6  7  8  9 10 |
---------------+-------------------------------+-----
Axes           | 4 5 6 8 9 11 13 14 17 | 17.8
Fighting       | 5 |  5.2
Armour         | 5 |  5.1
Dodging        | 5 |  5.1

Action                   |  1- 3 |  4- 6 |  7- 9 | 10-12 || total
-------------------------+-------+-------+-------+-------++-------
Melee: Hand axe          |    60 |   192 |    35 |       ||   287
       Headbutt          |     8 |    26 |    65 |    36 ||   135
       War axe           |       |       |   229 |   135 ||   364
Invok: Berserk           |     1 |     4 |     5 |     4 ||    14
       Trog's Hand       |       |       |     3 |     3 ||     6
       Brothers in Arms  |       |       |     2 |     1 ||     3
Evoke: Wand              |       |       |     5 |       ||     5
  Use: Scroll            |       |       |    19 |     6 ||    25
       Potion            |       |       |     1 |     4 ||     5
 Stab: Invisible         |       |       |       |     2 ||     2
  Eat: Chunk             |       |    10 |    21 |     9 ||    40
Armor: Animal skin       |     3 |       |       |       ||     3
       Leather armour    |    11 |       |       |       ||    11
       Ring mail         |     2 |    66 |     1 |       ||    69
       Chain mail        |       |       |    59 |       ||    59
       Plate armour      |       |       |    42 |    61 ||   103
Dodge: Dodged            |    32 |    91 |   146 |    62 ||   331

Table legend:
 A = Spawn XP
 B = Non-spawn XP
 C = Spawn XP percentage of total XP
 D = Spawn monster count
 E = Non-spawn monster count
 F = Spawn count percentage of total count
 G = Total turns spent on level
                    A         B        C        D         E        F      G
               +---------+---------+-------+---------+---------+-------+---------
         Total |       0 |   12050 |   0.0 |       0 |     280 |   0.0 |  8566
               +---------+---------+-------+---------+---------+-------+---------
           D:1 |       0 |      37 |   0.0 |       0 |      20 |   0.0 |   648
           D:2 |       0 |     162 |   0.0 |       0 |      25 |   0.0 |   794
           D:3 |       0 |     121 |   0.0 |       0 |      35 |   0.0 |   980
           D:4 |       0 |     265 |   0.0 |       0 |       9 |   0.0 |   698
           D:5 |       0 |     309 |   0.0 |       0 |      17 |   0.0 |   705
           D:6 |       0 |     496 |   0.0 |       0 |      17 |   0.0 |   623
           D:7 |       0 |    1730 |   0.0 |       0 |      32 |   0.0 |   908
           D:8 |       0 |    1282 |   0.0 |       0 |      19 |   0.0 |   580
           D:9 |       0 |    5310 |   0.0 |       0 |      44 |   0.0 |   475
       Ossuary |       0 |     357 |   0.0 |       0 |      39 |   0.0 |   422
        Bailey |       0 |    1981 |   0.0 |       0 |      23 |   0.0 |  1733
               +---------+---------+-------+---------+---------+-------+---------

Vault maps used:
D:1:      lightli_arrival_statuegarden
D:2:      uniq_crazy_yiuf_cottage
D:3:      chequers_ecumenical_altar_twisty, minmay_liquid_box,
          serial_bayou_pond_a, grunt_ministairs_1, minmay_misc_feat_square
D:4:      enter_ossuary_5
D:5:      lemuel_doored_altar, minmay_temple_entry_trees, first_ration,
          hangedman_abyss_or_decor_passed, dk_yredelemnul_ordeal
D:7:      chequers_temple_overflow_minitemple, serial_shops,
          nicolae_shop_window_shopping, uniq_pikel
D:8:      kennysheep_mini_moat, erik_lair_island, basic_altar, enter_bailey_2
D:9:      okawaru_humans, zin_treasury, hangedman_little_slice_of_home,
          kennysheep_kite_vault
Ossuary:  ossuary_tomb_1
Bailey:   bailey_polearm_2, bailey

Table legend:
 A = Turns spent in this place as a percentage of turns spent in the entire game.
 B = Non-inter-level travel turns spent in this place as a percentage of non-inter-level travel turns spent in the entire game.
 C = Inter-level travel turns spent in this place as a percentage of turns spent in this place.
 D = Turns resting spent in this place as a percentage of non-inter-level travel turns spent in this place.
 E = Turns spent auto-exploring this place as a percentage of non-inter-level travel turns spent in this place.
 F = Non-inter-level travel turns spent in this place divided by the number of levels of this place that you've seen.
                   A       B       C       D       E      F
               +-------+-------+-------+-------+-------+----------------------
         Total | 100.0 | 100.0 |   3.2 |  22.4 |  55.6 | 754.0
       Dungeon |  74.8 |  74.0 |   4.2 |   7.4 |  70.8 | 682.1
       Ossuary |   4.9 |   5.1 |   0.0 |  42.9 |  24.2 | 422.0
        Bailey |  20.2 |  20.9 |   0.0 |  70.5 |   9.6 | 1733.0
               +-------+-------+-------+-------+-------+----------------------

Table legend:
 A = Kills in this place as a percentage of kills in entire the game.
 B = Kills by you in this place as a percentage of kills by you in the entire game.
 C = Kills by friends in this place as a percentage of kills by friends in the entire game.
 D = Other kills in this place as a percentage of other kills in the entire game.
 E = Experience gained in this place as a percentage of experience gained in the entire game.
 F = Experience gained in this place divided by the number of levels of this place that you have seen.
                   A       B       C       D       E      F
               +-------+-------+-------+-------+-------+----------------------
         Total | 100.0 | 100.0 | 100.0 |   N/A | 100.0 | 1095.5
       Dungeon |  77.9 |  78.4 |   0.0 |   N/A |  80.6 | 1079.1
       Ossuary |  13.9 |  14.0 |   0.0 |   N/A |   3.0 | 357.0
        Bailey |   8.2 |   7.6 | 100.0 |   N/A |  16.4 | 1981.0
               +-------+-------+-------+-------+-------+----------------------
